 Dungeon Crawl Stone Soup version 0.30.0-5-g1a98f26d00 (webtiles) character file.

Game seed: 18162286138906709876

2369 qeuew the Protected (level 9, 0/78 HPs)
             Began as a Minotaur Fighter on May 10, 2023.
             Was an Initiate of Gozag.
             Shot with an arrow by a centaur (7 damage)
             ... on level 7 of the Dungeon.
             The game lasted 00:09:50 (5431 turns).

qeuew the Protected (Minotaur Fighter)              Turns: 5431, Time: 00:09:51

Health: 0/78       AC: 15    Str: 22    XL:     9   Next: 21%
Magic:  11/11      EV: 11    Int:  5    God:    Gozag
Gold:   264        SH:  6    Dex: 13    Spells: 8/8 levels left

rFire   . . .        a - +1 war axe
rCold   + . .        c - +1 buckler
rNeg    + . .        g - +7 Kryia's mail coat {PotionHeal*2 rC+}
rPois   .            (helmet restricted)
rElec   .            (no cloak)
rCorr   .            (no gloves)
SInv    .            (no boots)
Will    .....        (no amulet) Stlth
                     o - ring of flight
HPRegen 0.33/turn    f - ring of positive energy
MPRegen 0.12/turn

%: no passive effects
@: flying, unable to drink
A: horns 2, retaliatory headbutt, sense surroundings 1, inability to drink after
injury 1
a: Renounce Religion, Potion Petition, Call Merchant, Bribe Branch


You were on level 7 of the Dungeon.
You worshipped Gozag.
Gozag was aware of your devotion.
You visited 2 branches of the dungeon, and saw 8 of its levels.
You also visited: Sewer.

You collected 348 gold pieces.
You paid 84 gold pieces to Gozag.

Inventory:

Hand Weapons
 a - a +1 war axe (weapon)
Armour
 c - a +1 buckler (worn)
 g - the +7 Kryia's mail coat (worn) {PotionHeal*2 rC+}
   (You found it on level 2 of the Dungeon)

   PotionHeal*2: Potions heal its wearer twice as much.
   rC:        It protects you from cold.
Jewellery
 f - a ring of positive energy (right hand)
 o - a ring of flight (left hand)
Wands
 h - a wand of mindburst (17)
 n - a wand of paralysis (6)
 p - a wand of flame (23)
 q - a wand of iceblast (7)
Scrolls
 b - a scroll of enchant weapon
 j - a scroll of fear
Potions
 d - 3 potions of might
 i - 3 potions of curing
 l - a potion of brilliance
 m - a potion of lignification {unknown}
 r - 2 potions of invisibility {unknown}


   Skills:
 + Level 6.4 Fighting
 + Level 5.6 Axes
 * Level 8.1 Armour
 + Level 4.5 Dodging
 + Level 6.2 Shields
 * Level 4.9 Invocations
 + Level 3.2 Evocations


You had 8 spell levels left.
You didn't know any spells.
Your spell library contained the following spells:

 Spells                   Type           Power      Damage    Failure   Level
 Slow                     Hex            0%         N/A       83%         1
 Blink                    Tloc           0%         N/A       92%         2
 Cigotuvi's Dreadful Rot  Necr/Pois/Air  0%         N/A       92%         2
 Lesser Beckoning         Tloc           0%         N/A       92%         2
 Momentum Strike          Conj/Tloc      0%         3d8       92%         2
 Confusing Touch          Hex            0%         N/A       99%         3
 Frozen Ramparts          Ice            0%         1d1       99%         3
 Vampiric Draining        Necr           0%         2d6       99%         3
 Vhi's Electric Charge    Tloc/Air       0%         N/A       99%         3
 Anguish                  Hex/Necr       0%         N/A       100%        4
 Cause Fear               Hex            0%         N/A       100%        4
 Dispel Undead            Necr           0%         3d6       100%        4
 Ice Form                 Ice/Tmut       0%         N/A       100%        4
 Summon Ice Beast         Ice/Summ       0%         N/A       100%        4
 Arcjolt                  Conj/Air       0%         1d10      100%        5
 Death Channel            Necr           0%         N/A       100%        6
 Enfeeble                 Hex            0%         N/A       100%        7
 Maxwell's Capacitive Co  Air            0%         ∞         100%        8


Dungeon Overview and Level Annotations

Branches:
Dungeon (7/15)             Temple (1/1) D:6           Sewer (visited)

Altars:
Ashenzari
Cheibriados
Dithmenos
Elyvilon
Fedhas
Gozag
Hepliaklqana
Kikubaaqudgha
Makhleb
Nemelex Xobeh
Okawaru
Qazlal
Trog
Uskayaw
Vehumet
Wu Jian
Xom
Yredelemnul
Zin
The Shining One

Shops:
D:2 !


Innate Abilities, Weirdness & Mutations

You have a pair of horns on your head.
You reflexively headbutt those who attack you in melee.
You passively map a small area around you.
You occasionally lose the ability to drink potions when taking damage.


Message History

The orc knight is lightly wounded.
The orc knight hits you with a +0 glaive.
You block the orc knight's attack.
Unknown command.
You hit the orc knight but do no damage.
The orc knight is lightly wounded.
The orc knight hits you with a +0 glaive!
You feel threatened and lose the ability to drink potions!
* * * LOW HITPOINT WARNING * * *
Unknown command.
You cannot drink potions in your current state!
Blink to where?
Press: ? - help, Dir - move target
As you read the scroll of blinking, it crumbles to dust.
Okawaru sends forces against you!
An ogre, 4 orcs and a tengu warrior come into view.
Unknown command.
As you read the scroll of teleportation, it crumbles to dust.
You feel strangely unstable.
The ogre shouts!
The orc shouts!
The orc priest shouts!
The orc shouts!
Unknown command.
The orc priest hits you but does no damage.
Unknown command.
Unknown command.
The orc priest attacks as you move away!
The orc priest hits you with a +0 short sword.
* * * LOW HITPOINT WARNING * * *
The tengu warrior attacks as you move away!
The tengu warrior hits you with a +1 great mace!
* * * LOW HITPOINT WARNING * * *
The tengu warrior pecks you but does no damage.
The tengu warrior claws you but does no damage.
Your surroundings suddenly seem different.
A centaur comes into view.
The centaur shouts!
The centaur wields a +0 shortbow.
The centaur shoots an arrow.
The arrow barely misses you.
The centaur shoots an arrow.
The arrow hits you!
You die...
Your body crumbles into a pile of gold.

#.############ ,
#.# *** # *#.# *
#.# *,*, ,
##,#.. * .# ...
## ###
#.#############
#####
.#......#...c...
.....
........@.# * ##
#.........# * ,
, .# #.........#
, .# #........##
, * .###
#......... *,, ,
o#.# ####+######
* .#.# * .o.# *
, #### *


You could see a centaur.

Vanquished Creatures
  A centaur warrior (D:7)
  A kobold demonologist (D:5)
  An orc warrior (D:6)
  4 sky beasts (D:6)
  Pargi (Sewer)
  2 ice beasts (D:6)
  A centaur (D:5)
  3 phantoms
  2 bullfrogs
  A kobold brigand (D:6)
  A scorpion (D:5)
  2 jellies (D:5)
  5 orc priests
  3 hounds
  2 sleepcaps
  7 iguanas
  4 orc wizards
  3 gnolls (D:3)
  8 adders
  An ufetubus (D:5)
  2 worms
  3 dart slugs
  31 orcs
  6 ball pythons
  13 endoplasms
  7 giant cockroaches
  11 hobgoblins
  21 kobolds
  6 quokkas
  6 bats
  3 frilled lizards
  6 goblins
  9 rats
177 creatures vanquished.

Vanquished Creatures (others)
  An orc wizard (D:6)
1 creature vanquished.

Grand Total: 178 creatures vanquished

Notes
Turn   | Place    | Note
-------+----------+-------------------------------------------
     0 | D:1      | qeuew the Minotaur Fighter began the quest for the Orb.
     0 | D:1      | Reached XP level 1. HP: 19/19 MP: 0/0
   150 | D:1      | Reached XP level 2. HP: 24/27 MP: 1/1
   405 | D:1      | Reached skill level 4 in Armour
   836 | D:2      | Reached XP level 3. HP: 33/33 MP: 2/2
   894 | D:2      | Found a glowing silver altar of Zin.
   936 | D:2      | Reached skill level 1 in Dodging
   954 | D:2      | Found the +7 Kryia's mail coat {PotionHeal*2 rC+}
  1065 | D:2      | Found Dufyroe's Distillery.
  1205 | D:2      | Reached XP level 4. HP: 40/40 MP: 3/3
  1645 | D:3      | Found a faded altar of an unknown god.
  1661 | D:3      | Prayed at the altar of an unknown god.
  1661 | D:3      | Became a worshipper of Warmaster Okawaru
  1661 | D:3      | Reached * piety under Okawaru
  2240 | D:4      | Reached XP level 5. HP: 47/47 MP: 4/4
  2251 | D:4      | Reached skill level 5 in Armour
  2254 | D:4      | Reached skill level 1 in Invocations
  2310 | D:4      | Reached XP level 6. HP: 53/53 MP: 5/5
  2341 | D:4      | Reached skill level 1 in Evocations
  2780 | D:5      | Entered Level 5 of the Dungeon
  2789 | D:5      | Found a radiant altar of Vehumet.
  2800 | D:5      | Reached ** piety under Okawaru
  2801 | D:5      | Reached skill level 5 in Fighting
  2802 | D:5      | Found a glowing drain.
  2805 | D:5      | Noticed a kobold demonologist
  2816 | D:5      | Noticed a hellwing
  2818 | D:5      | Killed a kobold demonologist
  2819 | D:5      | Reached skill level 6 in Armour
  2819 | D:5      | Reached XP level 7. HP: 20/61 MP: 4/7
  2821 | D:5      | Reached skill level 5 in Shields
  2830 | Sewer    | Entered a sewer
  3002 | Sewer    | Noticed Pargi
  3011 | Sewer    | Killed Pargi
  3088 | D:5      | Gained mutation: Your spells are a little harder to cast,
                  | but a little more powerful. [potion of mutation]
  3089 | D:5      | Lost mutation: Your spells are a little harder to cast, but
                  | a little more powerful. [potion of mutation]
  3089 | D:5      | Gained mutation: You occasionally lose the ability to drink
                  | potions when taking damage. [potion of mutation]
  3089 | D:5      | Gained mutation: You passively map a small area around you.
                  | [potion of mutation]
  3359 | D:5      | Reached XP level 8. HP: 69/69 MP: 9/9
  4062 | D:6      | Reached skill level 7 in Armour
  4089 | D:6      | Reached skill level 5 in Axes
  4089 | D:6      | Reached *** piety under Okawaru
  4171 | D:6      | Found a hazy altar of Hepliaklqana.
  4243 | D:6      | Found a staircase to the Ecumenical Temple.
  4547 | D:6      | Found a white marble altar of Elyvilon.
  4598 | D:6      | Reached XP level 9. HP: 49/75 MP: 11/11
  4703 | D:6      | Found an iron altar of Okawaru.
  4887 | D:6      | Reached skill level 8 in Armour
  4890 | D:6      | Reached **** piety under Okawaru
  4990 | Temple   | Entered the Ecumenical Temple
  5102 | Temple   | Fell from the grace of Okawaru
  5102 | Temple   | Became a worshipper of Gozag Ym Sagoz the Greedy
  5409 | D:7      | Noticed an orc knight
  5409 | D:7      | Noticed a centaur warrior
  5422 | D:7      | Killed a centaur warrior
  5427 | D:7      | Noticed an orc knight
  5427 | D:7      | Noticed a tengu warrior
  5431 | D:7      | Shot with an arrow by a centaur

Illustrated notes

Levels and vault maps discovered:
D:1:      shiori_shiawase, layout_basic
D:2:      layout_basic, serial_shops, nicolae_shop_statue_plus, basic_altar,
          grunt_decor_fettered, guppyfry_early_orc_mine
D:3:      layout_rooms, ebering_ecumenical_altar_petrified, minivault_4
D:4:      layout_cave_pools
D:5:      layout_cave_pods, vehumet_altar_wand_db, portal_sewer_entry_a
D:6:      cheibrodos_thug_alley, layout_basic, mainiacjoe_overflow_boulevard,
          okawaru_metal_pillars_1_2, nicolae_elyvilon_peaceful_grove,
          minmay_temple_entry_offerings, kennysheep_generic_room_2
D:7:      layout_basic, uniq_prince_ribbit1, uniq_menkaure, uniq_duvessa,
          uniq_crazy_yiuf_cottage
Temple:   eino_temple_scatter_basement

Skill      XL: |  1  2  3  4  5  6  7  8  9 |
---------------+----------------------------+-----
Armour         | 4 5 6 7 8 |  8.1
Fighting       | 4 5 6 |  6.4
Dodging        | 1 2 3 4 |  4.5
Shields        | 4 5 6 |  6.2
Axes           | 3 4 5 |  5.6
Invocations    | 1 2 3 4 |  4.9
Evocations     | 1 2 3 |  3.2

Action                     |  1- 3 |  4- 6 |  7- 9 || total
---------------------------+-------+-------+-------++-------
  Melee: War axe           |   101 |   120 |   211 ||   432
         Headbutt          |    10 |     8 |    35 ||    53
 Invoke: Heroism           |       |     2 |       ||     2
    Use: Potion            |     3 |     3 |     4 ||    10
         Scroll            |     2 |     7 |     3 ||    12
 Armour: Scale mail        |    51 |    72 |   138 ||   261
  Dodge: Dodged            |    59 |    85 |   108 ||   252
  Block: Buckler           |    20 |    49 |    77 ||   146
